General information
- name: BNet
- type: Ladder team game (AT/RT)
- host: Battle.net
- saver: fineX
map: Slalom
- players: 8
- length: 26:52
- speed: Fast
- version: 1.24 W3XP
- replay type: Public
» download(214 KB)
Players
team 1 (winner)
fineX (
teal | 100 APM | 2682 actions | 26:52)
5 Blademaster
3 Wind Walk
2 Critical Strike
5 Shadow Hunter
3 Hex
2 Healing Wave
» actions
| Assign group hotkey | 874 | |
| Build / train | 61 | |
| Enter build submenu | 13 | |
| Enter hero's abilities submenu | 11 | |
| Give item / drop item | 5 | |
| Right click | 1005 | |
| Select / deselect | 151 | |
| Select group hotkey | 372 | |
| Use ability | 190 | |
2682 total
» units
» upgrades
| Ranged Weapons | 3 | |
| Liquid Fire | 1 | |
| Reinforced Defenses | 1 | |
5 total
» buildings
| Altar of Storms | 1 | |
| Orc Burrow | 4 | |
| War Mill | 1 | |
| Stronghold | 1 | |
| Voodoo Lounge | 3 | |
| Fortress | 1 | |
| Beastiary | 2 | |
| Great Hall | 2 | |
15 total
» build order
00:06 Altar of Storms
00:09 Orc Burrow
00:54 War Mill
02:47 Stronghold
04:09 Voodoo Lounge
05:08 Orc Burrow
05:09 Fortress
05:26 Voodoo Lounge
06:02 Orc Burrow
06:37 Voodoo Lounge
06:40 Beastiary
07:03 Orc Burrow
07:06 Beastiary
10:13 Great Hall
11:49 Great Hall
» items
| Healing Salve | 3 | |
| Lesser Clarity Potion | 1 | |
| Orb of Lightning | 3 | |
| Potion of Healing | 1 | |
| Potion of Mana | 1 | |
9 total
gayBabby420 (
pink | 142 APM | 3796 actions | 26:48)
6 Mountain King
3 Storm Bolt
2 Bash
1 Avatar
3 Blood Mage
2 Banish
1 Siphon Mana
1 Paladin
1 Holy Light
» actions
| Assign group hotkey | 1383 | |
| Basic commands | 88 | |
| Build / train | 112 | |
| ESC pressed | 13 | |
| Enter build submenu | 38 | |
| Enter hero's abilities submenu | 9 | |
| Give item / drop item | 5 | |
| Right click | 1174 | |
| Select / deselect | 229 | |
| Select group hotkey | 515 | |
| Use ability | 230 | |
3796 total
» units
| Peasant | 21 | |
| Priest | 5 | |
| Sorceress | 9 | |
| Mortar Team | 3 | |
38 total
» upgrades
| Masonry | 3 | |
| Sorceress Training | 2 | |
| Priest Training | 2 | |
| Lumber Harvesting | 2 | |
| Gunpowder | 2 | |
| Flare | 1 | |
| Fragmentation Shards | 1 | |
13 total
» buildings
| Altar of Kings | 1 | |
| Lumber Mill | 1 | |
| Farm | 11 | |
| Scout Tower | 66 | |
| Arcane Tower | 2 | |
| Guard Tower | 18 | |
| Keep | 1 | |
| Blacksmith | 2 | |
| Arcane Vault | 1 | |
| Town Hall | 2 | |
| Arcane Sanctum | 1 | |
| Workshop | 2 | |
| Castle | 1 | |
109 total
» build order
00:18 Altar of Kings
00:35 Lumber Mill
00:49 Farm
00:58 Farm
01:21 Scout Tower
01:22 Scout Tower
01:49 Arcane Tower
01:55 Guard Tower
02:02 Scout Tower
02:05 Scout Tower
02:38 Scout Tower
02:46 Scout Tower
02:52 Guard Tower
02:52 Guard Tower
02:52 Guard Tower
02:52 Guard Tower
03:06 Guard Tower
03:23 Guard Tower
03:27 Scout Tower
03:32 Scout Tower
04:40 Guard Tower
04:57 Keep
04:58 Blacksmith
05:01 Arcane Vault
05:23 Scout Tower
05:24 Scout Tower
05:57 Town Hall
06:01 Guard Tower
06:03 Scout Tower
06:05 Scout Tower
06:17 Scout Tower
06:17 Scout Tower
06:18 Scout Tower
06:19 Scout Tower
06:19 Scout Tower
06:20 Scout Tower
06:42 Arcane Tower
07:37 Arcane Sanctum
07:48 Guard Tower
07:54 Blacksmith
07:57 Workshop
07:57 Workshop
07:59 Farm
08:00 Farm
08:00 Farm
08:00 Farm
08:01 Farm
08:53 Guard Tower
10:55 Scout Tower
10:55 Scout Tower
10:55 Scout Tower
10:56 Scout Tower
10:56 Scout Tower
11:52 Castle
11:55 Guard Tower
17:15 Farm
17:16 Farm
17:16 Farm
17:17 Farm
19:39 Scout Tower
19:39 Scout Tower
19:39 Scout Tower
19:40 Scout Tower
19:40 Scout Tower
19:40 Scout Tower
19:40 Scout Tower
19:41 Scout Tower
19:41 Scout Tower
19:41 Scout Tower
20:03 Scout Tower
20:25 Guard Tower
20:29 Scout Tower
20:29 Scout Tower
20:29 Scout Tower
20:31 Scout Tower
20:31 Scout Tower
20:32 Scout Tower
20:32 Scout Tower
20:32 Scout Tower
20:33 Scout Tower
20:59 Town Hall
21:10 Guard Tower
21:33 Guard Tower
21:47 Guard Tower
21:47 Guard Tower
23:36 Scout Tower
23:37 Scout Tower
23:37 Scout Tower
25:49 Guard Tower
25:51 Scout Tower
25:51 Scout Tower
25:51 Scout Tower
25:51 Scout Tower
25:52 Scout Tower
25:52 Scout Tower
25:52 Scout Tower
» items
| Boots of Speed | 1 | |
| Staff of Teleportation | 1 | |
| Orb of Lightning | 2 | |
| Potion of Mana | 4 | |
| Healing Salve | 5 | |
| Potion of Healing | 6 | |
| Scroll of Speed | 2 | |
| Lesser Clarity Potion | 1 | |
22 total
lil_dog (
red | 65 APM | 1739 actions | 26:48)
3 Mountain King
2 Storm Bolt
1 Bash
3 Archmage
2 Brilliance Aura
1 Blizzard
» actions
| Assign group hotkey | 6 | |
| Build / train | 97 | |
| ESC pressed | 3 | |
| Enter build submenu | 74 | |
| Enter hero's abilities submenu | 6 | |
| Give item / drop item | 5 | |
| Remove unit from queue | 1 | |
| Right click | 843 | |
| Select / deselect | 477 | |
| Select group hotkey | 19 | |
| Use ability | 208 | |
1739 total
» units
| Peasant | 20 | |
| Priest | 1 | |
| Sorceress | 1 | |
| Siege Engine | 3 | |
25 total
» upgrades
| Masonry | 3 | |
| Lumber Harvesting | 2 | |
| Magic Sentry | 1 | |
| Priest Training | 1 | |
| Sorceress Training | 1 | |
| Barrage | 1 | |
| Gunpowder | 1 | |
10 total
» buildings
| Altar of Kings | 1 | |
| Lumber Mill | 2 | |
| Farm | 8 | |
| Scout Tower | 94 | |
| Guard Tower | 34 | |
| Arcane Tower | 5 | |
| Keep | 1 | |
| Town Hall | 1 | |
| Castle | 1 | |
| Arcane Sanctum | 1 | |
| Blacksmith | 1 | |
| Workshop | 2 | |
151 total
» build order
00:17 Altar of Kings
00:20 Lumber Mill
00:22 Farm
00:59 Farm
01:35 Scout Tower
01:37 Scout Tower
01:39 Scout Tower
01:42 Scout Tower
01:56 Scout Tower
02:10 Guard Tower
02:11 Scout Tower
02:23 Arcane Tower
02:24 Scout Tower
02:33 Scout Tower
02:43 Guard Tower
02:47 Scout Tower
02:48 Scout Tower
02:49 Scout Tower
03:06 Arcane Tower
03:12 Scout Tower
03:16 Scout Tower
03:16 Scout Tower
03:22 Arcane Tower
03:25 Guard Tower
03:25 Guard Tower
03:26 Scout Tower
03:40 Scout Tower
03:42 Scout Tower
03:43 Scout Tower
03:48 Guard Tower
04:21 Keep
04:28 Guard Tower
04:46 Guard Tower
04:47 Scout Tower
04:49 Scout Tower
04:57 Scout Tower
04:58 Scout Tower
04:59 Scout Tower
05:00 Scout Tower
05:28 Guard Tower
05:31 Town Hall
05:46 Farm
05:51 Scout Tower
05:51 Scout Tower
05:52 Scout Tower
06:40 Scout Tower
06:41 Scout Tower
06:43 Scout Tower
06:44 Scout Tower
06:44 Scout Tower
06:59 Guard Tower
07:00 Guard Tower
08:02 Guard Tower
08:07 Scout Tower
08:08 Guard Tower
08:42 Guard Tower
08:46 Guard Tower
08:47 Scout Tower
08:55 Scout Tower
09:27 Guard Tower
09:32 Scout Tower
09:38 Scout Tower
09:42 Scout Tower
09:51 Castle
09:55 Scout Tower
09:56 Scout Tower
09:57 Scout Tower
09:58 Scout Tower
10:05 Arcane Sanctum
10:06 Guard Tower
10:10 Arcane Tower
10:11 Arcane Tower
10:15 Scout Tower
11:14 Scout Tower
11:15 Scout Tower
11:40 Guard Tower
11:41 Scout Tower
11:45 Scout Tower
12:59 Guard Tower
13:46 Scout Tower
13:47 Scout Tower
13:47 Scout Tower
13:48 Scout Tower
13:49 Scout Tower
13:50 Scout Tower
13:53 Scout Tower
13:54 Scout Tower
13:55 Scout Tower
13:56 Scout Tower
13:57 Scout Tower
13:58 Scout Tower
13:59 Scout Tower
14:01 Scout Tower
14:16 Guard Tower
14:30 Guard Tower
14:31 Guard Tower
14:38 Scout Tower
15:02 Guard Tower
15:18 Guard Tower
15:23 Guard Tower
15:26 Scout Tower
15:27 Scout Tower
15:27 Scout Tower
15:58 Guard Tower
16:06 Scout Tower
16:07 Scout Tower
16:35 Guard Tower
16:52 Scout Tower
16:55 Scout Tower
16:57 Scout Tower
16:57 Scout Tower
16:58 Scout Tower
16:59 Scout Tower
17:01 Scout Tower
17:02 Scout Tower
17:03 Scout Tower
17:05 Scout Tower
17:06 Scout Tower
17:06 Scout Tower
17:07 Scout Tower
17:07 Scout Tower
17:11 Scout Tower
17:15 Scout Tower
17:20 Scout Tower
17:22 Scout Tower
17:34 Blacksmith
17:37 Scout Tower
17:38 Scout Tower
17:38 Scout Tower
17:39 Scout Tower
17:39 Scout Tower
17:40 Scout Tower
17:41 Scout Tower
17:45 Guard Tower
17:53 Guard Tower
17:57 Scout Tower
17:59 Guard Tower
18:13 Guard Tower
18:21 Guard Tower
18:38 Farm
18:40 Guard Tower
19:00 Workshop
19:18 Scout Tower
20:07 Guard Tower
20:10 Guard Tower
20:48 Lumber Mill
22:41 Workshop
23:46 Farm
23:47 Farm
24:41 Farm
24:42 Farm
» items
| Healing Salve | 1 | |
| Lesser Clarity Potion | 2 | |
| Boots of Speed | 2 | |
| Dust of Appearance | 1 | |
| Staff of Teleportation | 2 | |
| Orb of Lightning | 2 | |
| Potion of Healing | 2 | |
12 total
nonent (
yellow | 93 APM | 2496 actions | 26:48)
7 Blademaster
3 Wind Walk
3 Critical Strike
1 Bladestorm
» actions
| Assign group hotkey | 21 | |
| Build / train | 78 | |
| Enter build submenu | 14 | |
| Enter hero's abilities submenu | 7 | |
| Give item / drop item | 7 | |
| Right click | 988 | |
| Select / deselect | 147 | |
| Select group hotkey | 1077 | |
| Use ability | 157 | |
2496 total
» units
» upgrades
| Ranged Weapons | 2 | |
| Liquid Fire | 1 | |
| Reinforced Defenses | 1 | |
| Armor | 1 | |
| Melee Weapons | 1 | |
| Spiked Barricades | 1 | |
7 total
» buildings
| Altar of Storms | 1 | |
| Orc Burrow | 3 | |
| War Mill | 1 | |
| Voodoo Lounge | 2 | |
| Stronghold | 1 | |
| Beastiary | 4 | |
| Fortress | 1 | |
| Great Hall | 1 | |
| Watch Tower | 4 | |
18 total
» build order
00:21 Altar of Storms
00:27 Orc Burrow
00:36 War Mill
02:17 Orc Burrow
02:34 Voodoo Lounge
04:15 Stronghold
04:49 Voodoo Lounge
05:08 Orc Burrow
06:43 Beastiary
06:43 Beastiary
06:44 Beastiary
07:04 Fortress
10:13 Great Hall
17:28 Beastiary
20:07 Watch Tower
20:08 Watch Tower
20:10 Watch Tower
20:11 Watch Tower
» items
| Healing Salve | 5 | |
| Lesser Clarity Potion | 2 | |
| Circlet of Nobility | 4 | |
| Staff of Teleportation | 1 | |
| Orb of Lightning | 1 | |
| Potion of Healing | 1 | |
14 total
team 2 (loser)
Bruin (
purple | 50 APM | 1296 actions | 25:54)
4 Keeper of the Grove
2 Entangling Roots
2 Thorns Aura
» actions
| Assign group hotkey | 67 | |
| Basic commands | 48 | |
| Build / train | 69 | |
| Enter build submenu | 21 | |
| Enter hero's abilities submenu | 4 | |
| Right click | 455 | |
| Select / deselect | 271 | |
| Select group hotkey | 314 | |
| Use ability | 47 | |
1296 total
» units
| Wisp | 27 | |
| Archer | 4 | |
| Chimaera | 20 | |
| Hippogryph | 4 | |
55 total
» upgrades
| Strength of the Wild | 2 | |
| Reinforced Hides | 2 | |
| Ultravision | 1 | |
| Corrosive Breath | 1 | |
6 total
» buildings
| Altar of Elders | 1 | |
| Moon Well | 9 | |
| Ancient of War | 2 | |
| Tree of Life | 2 | |
| Tree of Ages | 1 | |
| Tree of Eternity | 1 | |
| Ancient of Wind | 1 | |
| Hunter's Hall | 1 | |
| Ancient of Wonders | 1 | |
| Chimaera Roost | 3 | |
22 total
» build order
00:08 Altar of Elders
00:19 Moon Well
01:57 Ancient of War
01:59 Ancient of War
02:02 Moon Well
02:04 Moon Well
02:35 Moon Well
03:07 Tree of Life
03:56 Tree of Ages
06:19 Tree of Eternity
06:25 Ancient of Wind
07:09 Moon Well
07:10 Moon Well
07:10 Moon Well
07:11 Moon Well
07:15 Hunter's Hall
07:47 Ancient of Wonders
08:41 Chimaera Roost
08:45 Chimaera Roost
08:46 Chimaera Roost
09:02 Moon Well
21:46 Tree of Life
» items
CoolAsaHackySak (
green | 43 APM | 1115 actions | 25:58)
3 Warden
2 Fan of Knives
1 Shadow Strike
» actions
| Assign group hotkey | 18 | |
| Basic commands | 10 | |
| Build / train | 55 | |
| Enter build submenu | 18 | |
| Enter hero's abilities submenu | 3 | |
| Remove unit from queue | 4 | |
| Right click | 418 | |
| Select / deselect | 254 | |
| Select group hotkey | 261 | |
| Use ability | 74 | |
1115 total
» units
| Wisp | 19 | |
| Glaive Thrower | 9 | |
| Druid of the Claw | 9 | |
37 total
» upgrades
| Vorpal Blades | 1 | |
| Strength of the Moon | 1 | |
| Druid of the Claw Training | 2 | |
| Reinforced Hides | 3 | |
| Mark of the Claw | 1 | |
8 total
» buildings
| Altar of Elders | 1 | |
| Moon Well | 7 | |
| Tree of Ages | 1 | |
| Ancient of War | 1 | |
| Hunter's Hall | 1 | |
| Tree of Eternity | 1 | |
| Ancient Protector | 1 | |
| Ancient of Lore | 2 | |
| Tree of Life | 1 | |
16 total
» build order
00:11 Altar of Elders
00:21 Moon Well
02:03 Tree of Ages
02:06 Ancient of War
02:16 Moon Well
02:39 Hunter's Hall
03:59 Moon Well
04:29 Tree of Eternity
04:55 Moon Well
06:03 Ancient Protector
06:42 Ancient of Lore
07:38 Ancient of Lore
11:11 Tree of Life
11:33 Moon Well
11:34 Moon Well
20:14 Moon Well
froznflame9 (
orange | 48 APM | 1257 actions | 26:01)
4 Priestess of the Moon
2 Trueshot Aura
2 Scout
» actions
| Basic commands | 1 | |
| Build / train | 41 | |
| Enter build submenu | 15 | |
| Enter hero's abilities submenu | 5 | |
| Right click | 735 | |
| Select / deselect | 418 | |
| Use ability | 42 | |
1257 total
» units
| Wisp | 12 | |
| Archer | 7 | |
| Chimaera | 7 | |
| Hippogryph | 3 | |
29 total
» upgrades
| Strength of the Wild | 3 | |
| Corrosive Breath | 1 | |
| Reinforced Hides | 1 | |
5 total
» buildings
| Altar of Elders | 1 | |
| Moon Well | 5 | |
| Ancient of War | 2 | |
| Tree of Ages | 1 | |
| Hunter's Hall | 1 | |
| Tree of Eternity | 1 | |
| Ancient of Wind | 1 | |
| Chimaera Roost | 3 | |
| Ancient of Wonders | 1 | |
16 total
» build order
00:22 Altar of Elders
00:24 Moon Well
01:14 Moon Well
01:45 Ancient of War
02:01 Ancient of War
02:42 Moon Well
04:56 Tree of Ages
05:00 Moon Well
06:04 Hunter's Hall
07:23 Tree of Eternity
07:49 Ancient of Wind
10:02 Chimaera Roost
10:08 Chimaera Roost
10:11 Chimaera Roost
11:09 Ancient of Wonders
13:28 Moon Well
Heavy_hands20 (
blue | 56 APM | 1502 actions | 26:47)
3 Pit Lord
2 Rain of Fire
1 Howl of Terror
3 Naga Sea Witch
2 Frost Arrows
1 Forked Lightning
» actions
| Basic commands | 17 | |
| Build / train | 58 | |
| Enter build submenu | 23 | |
| Enter hero's abilities submenu | 6 | |
| Right click | 917 | |
| Select / deselect | 414 | |
| Use ability | 67 | |
1502 total
» units
| Wisp | 25 | |
| Archer | 2 | |
| Mountain Giant | 11 | |
38 total
» upgrades
| Reinforced Hides | 3 | |
| Strength of the Wild | 2 | |
| Hardened Skin | 1 | |
| Resistant Skin | 1 | |
7 total
» buildings
| Altar of Elders | 1 | |
| Moon Well | 9 | |
| Ancient of War | 2 | |
| Ancient of Wonders | 1 | |
| Tree of Ages | 2 | |
| Hunter's Hall | 1 | |
| Ancient of Lore | 2 | |
| Ancient Protector | 4 | |
| Tree of Life | 1 | |
| Tree of Eternity | 1 | |
24 total
» build order
00:24 Altar of Elders
00:27 Moon Well
01:50 Ancient of War
02:05 Ancient of War
02:14 Moon Well
02:53 Ancient of Wonders
03:48 Moon Well
05:20 Tree of Ages
05:51 Moon Well
06:01 Hunter's Hall
07:46 Ancient of Lore
07:48 Ancient of Lore
08:13 Ancient Protector
08:16 Ancient Protector
08:24 Ancient Protector
08:26 Ancient Protector
09:21 Moon Well
10:07 Tree of Life
12:46 Tree of Eternity
14:28 Moon Well
16:29 Moon Well
16:32 Moon Well
18:03 Moon Well
» items
Chat log
(00:05 / Allies) gayBabby420: tower fast
(00:11 / Allies) nonent: so do we feed as orc or tower as well
(00:12 / Allies) fineX: 4x one hero
(00:16 / Allies) gayBabby420: feed humans
(00:19 / Allies) fineX: k
(00:22 / Allies) gayBabby420: iMO
(00:24 / Allies) nonent: k
(00:29 / Allies) fineX: ugh
(00:33 / Allies) fineX: my colors got set to 16 bit lol
(00:38 / Allies) nonent: fag
(00:38 / Allies) lil_dog: hahah
(00:44 / Allies) nonent: i feed dog ok
(00:47 / Allies) fineX: fuck lol hard to read shit
(00:48 / Allies) lil_dog: ty
(00:49 / Allies) fineX: ok i feed erz
(01:02 / Allies) gayBabby420: ok feed me!
(01:07 / Allies) fineX: playin in 800x600x16... ballin
(01:08 / Allies) nonent: feed kerr ok finex
(01:08 / Allies) gayBabby420: and other hu!!
(01:15 / Allies) lil_dog: where tower
(01:24 / Allies) nonent: gotta be careful placement
(01:29 / Allies) nonent: can aggro top and bottom if not care
(01:32 / All) fineX: im gay
(01:44 / Allies) fineX: nice
(01:45 / Allies) nonent: pull em back
(01:54 / Allies) gayBabby420: feed gold
(02:13 / Allies) lil_dog: ty
(02:15 / Allies) gayBabby420: bring peons for shops
(02:17 / All) fineX: im gay
(02:18 / Allies) gayBabby420: sometime
(02:21 / All) froznflame9: kk
(02:22 / Allies) nonent: sending 1
(02:27 / All) fineX: im gay
(02:34 / All) Heavy_hands20: that sucks
(02:38 / All) fineX: im gay
(02:43 / Allies) gayBabby420: goldz
(02:44 / All) froznflame9: we get it
(02:45 / Allies) fineX: ive played heavy hands before
(02:47 / Allies) nonent: mass hunts great strat
(02:48 / All) froznflame9: u like dick in your as
(02:50 / All) froznflame9: ass
(02:53 / All) fineX: im gay
(03:11 / Allies) fineX: its hard to see thing lol
(03:13 / Allies) gayBabby420: goldz!!!
(03:15 / Allies) gayBabby420: finx!!
(03:32 / Allies) nonent: hm
(03:33 / Allies) fineX: fexpo
(03:44 / Allies) nonent: chim tech i bet
(03:47 / Allies) fineX: fuck em up
(04:20 / Allies) fineX: i alrdy got a pit
(04:32 / Allies) fineX: lmao
(04:40 / Allies) nonent: hahaha
(04:50 / All) fineX: mass archers cools trat
(04:55 / Allies) nonent: haha
(05:00 / Allies) nonent: check that fire spell
(05:06 / All) froznflame9: bm bm mk mk is cooler
(05:20 / All) fineX: bm bm mk mk is a strat now
(05:24 / All) fineX: word
(05:41 / All) fineX: now this
(05:43 / All) fineX: is a cool strat!!\
(05:54 / Allies) lil_dog: ty
(06:07 / Allies) fineX: lool
(06:22 / Allies) fineX: these guys
(06:23 / Allies) fineX: 2 funy
(06:27 / Allies) fineX: someone buy dust
(06:33 / Allies) lil_dog: rgr
(06:33 / Allies) fineX: i will
(06:46 / Allies) fineX: share nando
(07:11 / Allies) nonent: ow
(07:43 / All) nonent: nice micro
(07:48 / All) fineX: .......NOT!!!
(08:07 / All) CoolAsaHackySak: im drunk
(08:11 / All) CoolAsaHackySak: so fuck u
(08:12 / All) fineX: so
(08:15 / All) fineX: im gay
(08:26 / All) froznflame9: we know u like dick in your ass whole
(08:32 / All) froznflame9: hole
(08:34 / All) fineX: are you retarded
(08:36 / All) fineX: or like
(08:37 / All) gayBabby420: i only like half a dick
(08:39 / All) fineX: just uneducated
(08:44 / All) froznflame9: im black
(08:53 / All) fineX: so both
(08:57 / All) froznflame9: so wat do u think
(09:06 / All) froznflame9: it does not really matter
(09:23 / All) froznflame9: bc i am 6'7'' and going to any college i want with basketball
(09:29 / All) lil_dog: shut up fagget
(09:36 / All) fineX: wow grats
(09:48 / All) fineX: im 6'1" and im going to any university i want bcuz im rich
(10:53 / Allies) fineX: nice
(11:17 / Allies) nonent: THX
(11:24 / Allies) nonent: fucking expo killz my bats
(11:50 / All) lil_dog: lol
(11:52 / Allies) fineX: lol
(11:54 / All) fineX: nice
(12:19 / All) fineX: u guys new players
(12:25 / All) froznflame9: yup
(12:32 / All) fineX: u gay\
(12:53 / Allies) nonent: send bats finex
(12:57 / Allies) fineX: i m
(13:00 / Allies) nonent: kkk
(13:17 / Allies) nonent: hot
(14:16 / Allies) gayBabby420: i hate people with no micro
(14:19 / Allies) gayBabby420: cant predict their actions
(14:30 / All) nonent: u hate urself?
(15:07 / Allies) nonent: moar bats
(16:06 / All) fineX: so...
(17:07 / Allies) fineX: who got unitsz
(17:12 / Allies) lil_dog: aint me
(17:19 / Allies) gayBabby420: build untis
(17:19 / Allies) gayBabby420: quik
(17:43 / Allies) gayBabby420: kill heroes
(18:45 / Allies) fineX: boltsnipe
(19:04 / All) fineX: i got 99 items but a purge orb aint one
(19:22 / Allies) lil_dog: any1 got wOod
(19:32 / Allies) lil_dog: ty
(19:36 / Allies) lil_dog: double ty
(20:34 / Allies) fineX: hit expos
(20:36 / Allies) fineX: mines r out
(20:44 / Allies) gayBabby420: think they leave soon!!
(20:50 / All) fineX: niggers
(20:52 / All) fineX: gay fucking niggers
(20:55 / All) fineX: the lot of u
(20:57 / Allies) fineX: there
(20:59 / Allies) fineX: that make them stay
(21:00 / Allies) nonent: i've had 4 on gold all game
(21:04 / Allies) fineX: lool
(21:07 / Allies) fineX: typical noob nonent move
(22:08 / Allies) nonent: finex
(22:16 / Allies) nonent: coem on bat their chims plz
(22:44 / Allies) lil_dog: i think ill make tank
(22:58 / All) fineX: good offense guyas
(22:59 / All) fineX: suck my dick
(23:03 / All) froznflame9: wow
(23:09 / All) froznflame9: really hard mass towers and bats
(23:13 / All) fineX: wow really hard
(23:15 / All) fineX: mass chims
(23:15 / All) nonent: mass ne faggorty
(23:18 / All) lil_dog: apparently harder to beat em lol
(23:24 / All) lil_dog: theyre just buildings
(23:26 / All) lil_dog: so wtf?
(23:30 / All) fineX: how does i mass t3 air
(23:31 / All) CoolAsaHackySak: just shut up
(23:32 / All) fineX: how
(23:34 / All) fineX: how does i mass t3 air
(23:37 / All) fineX: how i do it
(23:38 / All) fineX: tell me
(23:55 / All) Heavy_hands20: hey hard ass got an adress?
(23:59 / All) lil_dog: ahaha
(24:01 / All) fineX: 66 inverness avenue
(24:02 / Allies) nonent: lol
(24:03 / All) fineX: halifax ns
(24:04 / All) fineX: canada
(24:09 / All) nonent: more like holla fax
(24:09 / All) Heavy_hands20: yeah be bitch
(24:10 / All) fineX: 705-313-2668
(24:12 / All) froznflame9: well i will see
(24:16 / All) fineX: cmoe get me
(24:19 / All) lil_dog: yea threaten people in a video game
(24:20 / All) froznflame9: when i am taking 12 mill a year
(24:21 / All) lil_dog: you retard
(24:25 / All) fineX: so
(24:27 / All) fineX: never?
(24:29 / All) gayBabby420: 12 mill cocks?
(24:29 / All) fineX: lol 12 mill a year
(24:30 / Allies) nonent: strange i had 5 on mine but just ran out
(24:33 / All) fineX: 12 mil dicks
(24:38 / All) froznflame9: lol
(24:42 / All) froznflame9: real tough over a comp
(24:43 / All) Heavy_hands20: hear about tthe kid gettin shot from talkin shit on xbox? i got yu fool
(24:44 / All) froznflame9: right
(24:47 / All) fineX: come get me dude
(24:49 / All) fineX: call me now
(24:56 / All) fineX: idk if my cells on tho
(24:59 / All) Heavy_hands20: call yu ? i wana see your bitchassness
(25:01 / All) fineX: go ahead and find me
(25:05 / All) fineX: ok
(25:18 / All) fineX: or
(25:20 / All) froznflame9: well u will see me in 2 years on national tv
(25:23 / All) fineX: u can have my toronto address
(25:25 / All) fineX: if thats better for u
(25:32 / All) fineX: its out of the city
(25:33 / All) fineX: but
(25:33 / Allies) nonent: lol he's gonna kill ur pops
(25:37 / All) froznflame9: who the fuck lives in canda
(25:43 / All) froznflame9: canada**
(25:45 / All) fineX: well here it is anyway
(25:49 / All) nonent: the proest of pros
(25:50 / All) lil_dog: MOTHERFUCKER YOURE GOIN DOWN!!! YOU BEAT ME AT WARCRAFT
(25:54 / All) fineX: 502 birch terrace
(25:58 / All) lil_dog: hahah GTFO
(26:00 / All) fineX: rr1 peterborough
(26:01 / All) fineX: on
(26:04 / All) fineX: ok??
(26:06 / All) fineX: got it???\
(26:06 / All) gayBabby420: bye pussies
(26:09 / All) fineX: ill be there in the summer
(26:11 / All) nonent: ur the one leaving
(26:14 / All) fineX: so if u come lookin for me in the summertime
(26:16 / All) nonent: "[ussy"
(26:18 / All) fineX: go to that address
(26:19 / All) lil_dog: hey shithead fagget
(26:20 / All) fineX: i wont be in halifax
(26:22 / All) lil_dog: u lost
(26:23 / All) fineX: except early june
(26:27 / All) lil_dog: stop cryign and just cut your losses
(26:28 / All) fineX: cuz i sail
(26:30 / All) nonent: hey ur a pussy now let me leave this game......
(26:37 / All) Heavy_hands20: yu think im playin ill find you kid searchin your IP adress im findin you
(26:38 / All) fineX: hey gimme ur address
(26:40 / All) lil_dog: now ur too much of a lil kid bitch to quit the game
(26:40 / All) fineX: oh no
(26:42 / All) fineX: not my ip
(26:43 / All) nonent: what's his ip
(26:44 / All) fineX: whats my ip
(26:45 / All) Heavy_hands20: dead
(26:46 / All) nonent: give it to me
(26:46 / All) fineX: i give it to u